Devils vs Capitals

Created - Sunday, February 21, 2016 at 04:53

Goals
1 2 3 T
Devils 1 0 1 2
Capitals 0 1 0 1
Shots
1 2 3 T
Devils 9 11 12 32
Capitals 4 16 7 27

1st period

1. Devils , Tyler Johnson 49 (Drew Stafford, Chris Wideman) at 2:21

Penalties :
Kevin Henderson (Was) for Fighting (Major) at 2:01, Scooter Vaughan (NJD) for Fighting (Major) at 2:01, Maxim Noreau (Was) for Tripping (Minor) at 5:00, Matt Irwin (NJD) for Hooking (Minor) at 10:00, Brad Mills (Was) for Cross-checking (Minor) at 14:14

2nd period

2. Capitals , Eric Gelinas 9 (Mark Arcobello) at 4:11 (SH)

Penalties :
Eric O'Dell (Was) for Hooking (Minor) at 3:21, Sergei Gonchar (NJD) for Interference (Minor) at 15:04

3rd period

3. Devils , Tyler Johnson 50 (Drew Stafford, Paul Stastny) at 4:56 (PP)

Penalties :
Mark Arcobello (Was) for Tripping (Minor) at 0:56, Brad Mills (Was) for Roughing (Minor) at 3:36, Tyler Johnson (NJD) for Tripping (Minor) at 8:11, Brendan Shinnimin (NJD) for Holding (Minor) at 15:32, Jason Akeson (NJD) for Hooking (Minor) at 19:08

Goalie Stats

Devan Dubnyk (NJD), 26 saves from 27 shots - (0.963), W, 27-21-4, 60:00 minutes
Marc-Andre Fleury (Was), 30 saves from 32 shots - (0.938), L, 18-28-5, 59:08 minutes

Players Stats for Devils

Player Name              G  A  P  +/- PIM S  H  SB GA TA FO     MP     PP MP  PK MP  
------------------------------------------------------------------------------------
Ales Hemsky              0  0  0  -1  0   2  1  0  2  0  0/0    19:21   4:20   3:00 
Andrew Miller            0  0  0   0  0   2  1  1  1  0  3/9    13:15   0:00   0:01 
Brad Hunt                0  0  0   0  0   1  1  2  0  1  0/0    25:18   4:20   6:15 
Brendan Shinnimin        0  0  0   0  2   0  0  1  1  0  2/4     8:04   0:00   0:34 
Chris Porter             0  0  0   0  0   0  3  1  1  0  0/0    10:33   0:00   1:31 
Chris Wideman            0  1  1   1  0   1  2  1  0  0  0/0    19:45   4:56   0:11 
David Warsofsky          0  0  0   0  0   0  0  0  0  0  0/0     0:00   0:00   0:00 
Drew Stafford            0  2  2   0  0   4  5  0  4  0  0/1    16:14   4:59   0:00 
Jason Akeson             0  0  0   0  2   1  1  0  0  0  0/0    12:47   0:00   0:00 
Matt Cullen              0  0  0   0  0   3  0  0  0  1  13/18  19:39   4:17   6:09 
Matt Irwin               0  0  0   0  2   0  1  4  1  4  0/0    16:20   0:00   2:21 
Paul Stastny             0  1  1   0  0   2  3  0  1  1  10/15  16:14   4:59   0:00 
Radko Gudas              0  0  0   0  0   3  4  2  0  1  0/0    19:31   0:00   6:15 
Scooter Vaughan          0  0  0   0  5   0  0  0  0  0  0/0    11:54   0:00   0:00 
Scottie Upshall          0  0  0   0  0   7  1  0  3  1  0/1    20:00   4:17   5:27 
Sergei Gonchar           0  0  0   0  2   0  0  2  0  5  0/0    21:55   4:56   2:32 
Tyler Johnson            2  0  2   0  2   4  1  0  2  1  0/0    22:08   4:59   0:52 
Zach Boychuk             0  0  0   0  0   2  1  0  4  0  1/2    18:09   4:17   0:00 

Players Stats for Capitals

Player Name              G  A  P  +/- PIM S  H  SB GA TA FO     MP     PP MP  PK MP  
------------------------------------------------------------------------------------
Brad Mills               0  0  0   0  4   0  1  1  0  0  0/0    17:18   3:24   0:00 
Brett Sutter             0  0  0   0  0   2  1  0  2  0  1/1    18:49   3:50   1:15 
Chad LaRose              0  0  0   0  0   1  0  0  0  0  0/0    11:01   4:57   0:00 
Damon Severson           0  0  0   0  0   0  1  0  0  0  0/0     3:21   0:00   0:00 
David Dziurzynski        0  0  0   0  0   1  0  1  0  0  0/1    15:34   0:00   2:30 
Eric Gelinas             1  0  1   0  0   6  0  5  3  3  0/0    25:34   4:51   4:04 
Eric O'Dell              0  0  0   0  2   4  1  2  3  1  2/13   19:23   3:26   2:50 
Erik Condra              0  0  0   1  0   4  0  0  1  2  3/7    22:40   3:16   5:42 
Greg Miller              0  0  0  -1  0   0  0  0  0  0  4/7     9:48   0:00   0:00 
Jakub Kindl              0  0  0   0  0   0  0  0  0  0  0/0    18:08   4:51   0:00 
Kevin Henderson          0  0  0   0  5   0  0  0  1  0  0/0    12:41   0:49   0:39 
Kyle Cumiskey            0  0  0   0  0   3  0  0  1  1  0/0    18:01   0:00   4:04 
Luke Adam                0  0  0   0  0   1  1  0  1  0  3/5    13:21   0:49   0:00 
Mark Arcobello           0  1  1   0  2   0  0  0  4  1  6/13   21:40   3:45   5:36 
Mark Cundari             0  0  0   0  0   0  2  0  2  2  0/0    20:29   3:56   5:12 
Maxim Noreau             0  0  0   0  2   2  0  1  2  3  0/0    14:19   0:00   0:00 
Philip Samuelsson        0  0  0   0  0   3  3  1  2  2  0/0    20:30   3:56   5:12 
Shawn O'Donnell          0  0  0  -1  0   0  1  0  0  1  2/3     8:00   2:05   0:00 

3 Stars

1 - Devan Dubnyk (NJD)
2 - Tyler Johnson (NJD)
3 - Drew Stafford (NJD)

Power Play

Devils - 1 on 6 Attempt(s) - 16.67%
Capitals - 0 on 5 Attempt(s) - 0.00%

Penalty Kill

Devils - 5 on 5 Attempt(s) - 100.00% - Score 0 goal in Penalty Kill
Capitals - 5 on 6 Attempt(s) - 83.33% - Score 1 goal in Penalty Kill

Team Stat

Devils - Hits : 25 - Faceoff Wins : 29 - Blocked Shots : 14 - Penalty Minutes : 15
Capitals - Hits : 11 - Faceoff Wins : 21 - Blocked Shots : 11 - Penalty Minutes : 15

Official

Referees : Unknown
Linesman : Unknown

Game Notes

Kevin Henderson beats up Scooter Vaughan at 2:01 of 1st period
18:45 of 3rd period - Penalty Shot by Philip Samuelsson for Capitals - Stopped by Devan Dubnyk

Finance

Level 1 -- Attendance: 4324 (72.07%) -- Ticket Income $389,160
Level 2 -- Attendance: 4115 (82.30%) -- Ticket Income $226,325
Level 3 -- Attendance: 1844 (92.20%) -- Ticket Income $55,320
Level 4 -- Attendance: 3825 (95.63%) -- Ticket Income $65,025
Luxury Box -- Attendance: 984 (98.40%) -- Ticket Income $169,248
Game was played at the Verizon Center.
Total Attendance: 15092 (83.84%)
Total Ticket Income: $905,078
Other Income: $443,488
Total Income: $1,348,566

Devils

5 vs 5 Forward 
   Center                   Left Wing                Right Wing               Time % Phy DF OF 
 1 Paul Stastny             Tyler Johnson            Drew Stafford            38     0   0  5  
 2 Matt Cullen              Scottie Upshall          Ales Hemsky              30     1   2  2  
 3 Andrew Miller            Zach Boychuk             Jason Akeson             22     1   2  2  
 4 Brendan Shinnimin        Chris Porter             Tyler Johnson            10     1   2  2  

5 vs 5 Defense 
   Defense                  Defense                                           Time % Phy DF OF 
 1 Sergei Gonchar           Chris Wideman                                     35     1   2  2  
 2 Matt Irwin               Radko Gudas                                       34     1   2  2  
 3 Brad Hunt                Scooter Vaughan                                   30     1   2  2  
 4 Chris Wideman            Sergei Gonchar                                    1      1   2  2  

PowerPlay Forward 
   Center                   Left Wing                Right Wing               Time % Phy DF OF 
 1 Paul Stastny             Tyler Johnson            Drew Stafford            60     0   0  5  
 2 Matt Cullen              Zach Boychuk             Scottie Upshall          40     0   0  5  

PowerPlay Defense
   Defense                  Defense                                           Time % Phy DF OF 
 1 Ales Hemsky              Brad Hunt                                         60     0   0  5  
 2 Chris Wideman            Sergei Gonchar                                    40     0   0  5  

Penalty Kill 4 Players Forward 
   Center                   Wing                     Time % Phy DF OF 
 1 Matt Cullen              Scottie Upshall          60     0   5  0  
 2 Brendan Shinnimin        Ales Hemsky              40     0   5  0  

Penalty Kill 4 Players Defense
   Defense                  Defense                  Time % Phy DF OF 
 1 Radko Gudas              Brad Hunt                60     0   5  0  
 2 Matt Irwin               Sergei Gonchar           40     0   5  0  

Penalty Kill - 3 Players Forward 
   Forward                                           Time % Phy DF OF 
 1 Matt Cullen                                       60     0   5  0  
 2 Brendan Shinnimin                                 40     0   5  0  

Penalty Kill - 3 Players Defense
   Defense                  Defense                  Time % Phy DF OF 
 1 Radko Gudas              Brad Hunt                60     0   5  0  
 2 Matt Irwin               Scooter Vaughan          40     0   5  0  

4 vs 4 Forward 
   Center                   Wing                     Time % Phy DF OF 
 1 Paul Stastny             Tyler Johnson            60     0   0  5  
 2 Brendan Shinnimin        Matt Cullen              40     1   3  1  

4 vs 4 Defense
   Defense                  Defense                  Time % Phy DF OF 
 1 Sergei Gonchar           Brad Hunt                60     0   0  5  
 2 Matt Irwin               Sergei Gonchar           40     1   3  1  

Last Minutes Offensive
   Center                   Left Wing                Right Wing               Defense                  Defense                  
   Paul Stastny             Tyler Johnson            Drew Stafford            Sergei Gonchar           Chris Wideman            

Last Minutes Defensive
   Center                   Left Wing                Right Wing               Defense                  Defense                  
   Paul Stastny             Matt Cullen              Scottie Upshall          Radko Gudas              Matt Irwin               

Goaltenders
Starting : Devan Dubnyk             
Backup : Thomas Greiss            

Extra Forwards
Normal : Tyler Johnson, Scottie Upshall, Zach Boychuk - PP : Zach Boychuk, Jason Akeson - PK : Ales Hemsky
Extra Defensemen
Normal : Chris Wideman, Scooter Vaughan, Matt Irwin - PP : Matt Irwin - PK : Chris Wideman, Scooter Vaughan
Penalty Shots
Matt Cullen, Drew Stafford, Ales Hemsky, Tyler Johnson, Andrew Miller

Capitals

5 vs 5 Forward 
   Center                   Left Wing                Right Wing               Time % Phy DF OF 
 1 Mark Arcobello           Erik Condra              Chad LaRose              35     1   2  2  
 2 Eric O'Dell              Brett Sutter             Brad Mills               30     1   2  2  
 3 Luke Adam                David Dziurzynski        Erik Condra              22     1   2  2  
 4 Greg Miller              Kevin Henderson          Mark Arcobello           13     1   2  2  

5 vs 5 Defense 
   Defense                  Defense                                           Time % Phy DF OF 
 1 Eric Gelinas             Jakub Kindl                                       35     1   2  2  
 2 Philip Samuelsson        Mark Cundari                                      30     1   2  2  
 3 Kyle Cumiskey            Maxim Noreau                                      22     1   2  2  
 4 Damon Severson           Eric Gelinas                                      13     1   2  2  

PowerPlay Forward 
   Center                   Left Wing                Right Wing               Time % Phy DF OF 
 1 Mark Arcobello           Erik Condra              Chad LaRose              60     1   2  2  
 2 Eric O'Dell              Brett Sutter             Brad Mills               40     1   2  2  

PowerPlay Defense
   Defense                  Defense                                           Time % Phy DF OF 
 1 Eric Gelinas             Jakub Kindl                                       60     1   2  2  
 2 Philip Samuelsson        Mark Cundari                                      40     1   2  2  

Penalty Kill 4 Players Forward 
   Center                   Wing                     Time % Phy DF OF 
 1 Erik Condra              Mark Arcobello           60     1   2  2  
 2 Eric O'Dell              Brett Sutter             40     1   2  2  

Penalty Kill 4 Players Defense
   Defense                  Defense                  Time % Phy DF OF 
 1 Eric Gelinas             Kyle Cumiskey            60     1   2  2  
 2 Philip Samuelsson        Mark Cundari             40     1   2  2  

Penalty Kill - 3 Players Forward 
   Forward                                           Time % Phy DF OF 
 1 Erik Condra                                       60     1   2  2  
 2 Mark Arcobello                                    40     1   2  2  

Penalty Kill - 3 Players Defense
   Defense                  Defense                  Time % Phy DF OF 
 1 Eric Gelinas             Jakub Kindl              60     1   2  2  
 2 Philip Samuelsson        Mark Cundari             40     1   2  2  

4 vs 4 Forward 
   Center                   Wing                     Time % Phy DF OF 
 1 Erik Condra              Mark Arcobello           60     1   2  2  
 2 Eric O'Dell              Brett Sutter             40     1   2  2  

4 vs 4 Defense
   Defense                  Defense                  Time % Phy DF OF 
 1 Eric Gelinas             Maxim Noreau             60     1   2  2  
 2 Philip Samuelsson        Mark Cundari             40     1   2  2  

Last Minutes Offensive
   Center                   Left Wing                Right Wing               Defense                  Defense                  
   Mark Arcobello           Erik Condra              Chad LaRose              Eric Gelinas             Jakub Kindl              

Last Minutes Defensive
   Center                   Left Wing                Right Wing               Defense                  Defense                  
   Mark Arcobello           Erik Condra              Chad LaRose              Eric Gelinas             Jakub Kindl              

Goaltenders
Starting : Marc-Andre Fleury        
Backup : Sami Aittokallio         

Extra Forwards
Normal : Shawn O'Donnell, Luke Adam, David Dziurzynski - PP : Shawn O'Donnell, Luke Adam - PK : David Dziurzynski
Extra Defensemen
Normal : Kyle Cumiskey, Maxim Noreau, Eric Gelinas - PP : Kyle Cumiskey - PK : Maxim Noreau, Eric Gelinas
Penalty Shots
Erik Condra, Mark Arcobello, Eric O'Dell, Brett Sutter, Luke Adam

% Time on Ice - Devils

Lines # - Real PCT - Wanted PCT - Time Play
Normal Forward
1 - 31% - 38% - 12:51
2 - 22% - 30% - 9:14
3 - 31% - 22% - 12:48
4 - 17% - 10% - 7:04
Normal Defense
1 - 34% - 35% - 14:14
2 - 34% - 34% - 14:25
3 - 32% - 30% - 13:18
4 - 0% - 1% - 0:00
PP Forward
1 - 54% - 60% - 4:59
2 - 46% - 40% - 4:17
PP Defense
1 - 47% - 60% - 4:20
2 - 53% - 40% - 4:56
PK Forward
1 - 87% - 60% - 7:41
2 - 13% - 40% - 1:06
PK Defense
1 - 71% - 60% - 6:15
2 - 29% - 40% - 2:32
PK3 Forward
1 - 0% - 60%
2 - 0% - 40%
PK3 Defense
1 - 0% - 60%
2 - 0% - 40%
44 Forward
1 - 0% - 60%
2 - 0% - 40%
44 Defense
1 - 0% - 60%
2 - 0% - 40%
Last Minute Offensive  - 0:00
Last Minute Defensive  - 0:00
Total
Forward - 60:00
Defense - 60:00

% Time on Ice - Capitals

Lines # - Real PCT - Wanted PCT - Time Play
Normal Forward
1 - 15% - 35% - 6:19
2 - 33% - 30% - 13:44
3 - 29% - 22% - 12:06
4 - 23% - 13% - 9:48
Normal Defense
1 - 32% - 35% - 13:18
2 - 27% - 30% - 11:22
3 - 33% - 22% - 13:56
4 - 8% - 13% - 3:21
PP Forward
1 - 56% - 60% - 4:57
2 - 44% - 40% - 3:50
PP Defense
1 - 55% - 60% - 4:51
2 - 45% - 40% - 3:56
PK Forward
1 - 87% - 60% - 8:01
2 - 13% - 40% - 1:15
PK Defense
1 - 44% - 60% - 4:04
2 - 56% - 40% - 5:12
PK3 Forward
1 - 0% - 60%
2 - 0% - 40%
PK3 Defense
1 - 0% - 60%
2 - 0% - 40%
44 Forward
1 - 0% - 60%
2 - 0% - 40%
44 Defense
1 - 0% - 60%
2 - 0% - 40%
Last Minute Offensive  - 0:00
Last Minute Defensive  - 0:00
Total
Forward - 60:00
Defense - 60:00

Play by Play

1st period


0:01 of 1st period - Mark Arcobello wins face-off versus Paul Stastny in neutral zone.
0:10 of 1st period - Mark Arcobello is hit by Drew Stafford.
1:05 of 1st period - Wrist shot by Ales Hemsky.
1:05 of 1st period - Shot Misses the Net.
1:19 of 1st period - Wrist shot by Ales Hemsky.
1:19 of 1st period - Stopped by Marc-Andre Fleury with a rebound.
1:43 of 1st period - Erik Condra is hit by Radko Gudas.
1:46 of 1st period - Off-side.
1:47 of 1st period - Brendan Shinnimin wins face-off versus Luke Adam in neutral zone.
1:50 of 1st period - Luke Adam is hit by Chris Porter and loses puck.
1:56 of 1st period - Off-side.
1:57 of 1st period - Brendan Shinnimin wins face-off versus Greg Miller in neutral zone.
2:01 of 1st period - Kevin Henderson beats up Scooter Vaughan.
2:01 of 1st period - Penalty to Kevin Henderson for Fighting.
2:01 of 1st period - Penalty to Scooter Vaughan for Fighting.
2:02 of 1st period - Greg Miller wins face-off versus Drew Stafford in neutral zone.
2:13 of 1st period - Slapshot by Mark Cundari.
2:13 of 1st period - Shot Misses the Net.
2:21 of 1st period - Snap shot by Tyler Johnson.
2:21 of 1st period - Goal by Tyler Johnson - Devils : 1 - Capitals : 0.
2:22 of 1st period - Mark Arcobello wins face-off versus Andrew Miller in neutral zone.
2:25 of 1st period - Wrist shot by Eric Gelinas.
2:25 of 1st period - Shot Blocked by Brad Hunt.
2:28 of 1st period - Icing by Zach Boychuk.
2:29 of 1st period - Mark Arcobello wins face-off versus Zach Boychuk in Devils zone.
2:30 of 1st period - Snap shot by Eric Gelinas.
2:30 of 1st period - Stopped by Devan Dubnyk with a rebound.
2:47 of 1st period - Mark Arcobello is hit by Zach Boychuk and loses puck.
3:03 of 1st period - Wrist shot by Zach Boychuk.
3:03 of 1st period - Shot Misses the Net.
3:05 of 1st period - Wrist shot by Brad Hunt.
3:05 of 1st period - Deflect By Andrew Miller.
3:05 of 1st period - Shot Misses the Net.
3:05 of 1st period - Puck is out of play.
3:06 of 1st period - Matt Cullen wins face-off versus Eric O'Dell in Capitals zone.
3:11 of 1st period - Slapshot by Scottie Upshall.
3:11 of 1st period - Shot Misses the Net.
3:35 of 1st period - Wrist shot by Eric O'Dell.
3:35 of 1st period - Shot Misses the Net.
3:37 of 1st period - Slapshot by Maxim Noreau.
3:37 of 1st period - Stopped by Devan Dubnyk with a rebound.
3:39 of 1st period - Slapshot by Maxim Noreau.
3:39 of 1st period - Shot Blocked by Matt Irwin.
3:41 of 1st period - Snap shot by Eric O'Dell.
3:41 of 1st period - Shot Misses the Net.
3:43 of 1st period - Snap shot by Kyle Cumiskey.
3:43 of 1st period - Stopped by Devan Dubnyk with a rebound.
4:58 of 1st period - Wrist shot by Zach Boychuk.
4:58 of 1st period - Shot Misses the Net.
5:00 of 1st period - Minor Penalty to Maxim Noreau for Tripping.
5:01 of 1st period - Paul Stastny wins face-off versus Erik Condra in Capitals zone.
6:15 of 1st period - Icing by Drew Stafford.
6:16 of 1st period - Paul Stastny wins face-off versus Eric O'Dell in Devils zone.
7:00 of 1st period - Penalty to Maxim Noreau is over, Maxim Noreau is back on ice.
7:14 of 1st period - Icing by Eric O'Dell.
7:15 of 1st period - Zach Boychuk wins face-off versus Eric O'Dell in Capitals zone.
7:16 of 1st period - Snap shot by Andrew Miller.
7:16 of 1st period - Stopped by Marc-Andre Fleury with a rebound.
7:42 of 1st period - Backhand shot by Mark Arcobello.
7:42 of 1st period - Shot Blocked by Matt Irwin.
8:27 of 1st period - Slapshot by Scottie Upshall.
8:27 of 1st period - Stopped by Marc-Andre Fleury with a rebound.
8:39 of 1st period - Wrist shot by Scottie Upshall.
8:39 of 1st period - Shot Blocked by Eric Gelinas.
8:41 of 1st period - Wrist shot by Matt Cullen.
8:41 of 1st period - Deflect By Scottie Upshall.
8:41 of 1st period - Shot Blocked by Eric Gelinas.
8:41 of 1st period - Puck is out of play.
8:42 of 1st period - Brett Sutter wins face-off versus Paul Stastny in Capitals zone.
9:30 of 1st period - Snap shot by Scottie Upshall.
9:30 of 1st period - Deflect By Matt Cullen.
9:30 of 1st period - Stopped by Marc-Andre Fleury with a rebound.
10:00 of 1st period - Minor Penalty to Matt Irwin for Hooking.
10:01 of 1st period - Matt Cullen wins face-off versus Mark Arcobello in Devils zone.
10:42 of 1st period - Scottie Upshall is hit by Eric O'Dell and loses puck.
11:24 of 1st period - Brett Sutter is hit by Radko Gudas and loses puck.
12:00 of 1st period - Penalty to Matt Irwin is over, Matt Irwin is back on ice.
12:33 of 1st period - Snap shot by Andrew Miller.
12:33 of 1st period - Shot Misses the Net.
13:19 of 1st period - David Dziurzynski is hit by Drew Stafford.
14:05 of 1st period - Slapshot by Matt Irwin.
14:05 of 1st period - Shot Blocked by Philip Samuelsson.
14:07 of 1st period - Slapshot by Radko Gudas.
14:07 of 1st period - Stopped by Marc-Andre Fleury without a rebound.
14:08 of 1st period - Andrew Miller wins face-off versus Eric O'Dell in Capitals zone.
14:14 of 1st period - Minor Penalty to Brad Mills for Cross-checking.
14:15 of 1st period - Erik Condra wins face-off versus Matt Cullen in Capitals zone.
15:01 of 1st period - Snap shot by Erik Condra.
15:01 of 1st period - Stopped by Devan Dubnyk with a rebound.
15:13 of 1st period - David Dziurzynski is hit by Tyler Johnson.
15:46 of 1st period - Paul Stastny is hit by Mark Cundari and loses puck.
15:59 of 1st period - Mark Arcobello is hit by Drew Stafford and loses puck.
16:14 of 1st period - Penalty to Brad Mills is over, Brad Mills is back on ice.
16:20 of 1st period - Snap shot by Scottie Upshall.
16:20 of 1st period - Stopped by Marc-Andre Fleury with a rebound.
16:22 of 1st period - Snap shot by Scottie Upshall.
16:22 of 1st period - Stopped by Marc-Andre Fleury with a rebound.
16:36 of 1st period - Slapshot by Matt Irwin.
16:36 of 1st period - Shot Blocked by Maxim Noreau.
16:38 of 1st period - Slapshot by Radko Gudas.
16:38 of 1st period - Deflect By Maxim Noreau.
16:38 of 1st period - Stopped by Marc-Andre Fleury without a rebound.
16:39 of 1st period - Shawn O'Donnell wins face-off versus Brendan Shinnimin in Capitals zone.
16:39 of 1st period - Shawn O'Donnell is hit by Matt Irwin.
17:17 of 1st period - Slapshot by Matt Irwin.
17:17 of 1st period - Shot Misses the Net.
17:25 of 1st period - Erik Condra is hit by Jason Akeson.
17:29 of 1st period - Radko Gudas is hit by Luke Adam and loses puck.
17:46 of 1st period - Eric Gelinas is hit by Chris Wideman and loses puck.
18:45 of 1st period - Luke Adam is hit by Chris Wideman and loses puck.
19:11 of 1st period - Snap shot by Mark Arcobello.
19:11 of 1st period - Shot Misses the Net.
19:33 of 1st period - Chris Porter is hit by Mark Cundari and loses puck.
Goals for this period are 1 for Devils vs 0 for Capitals.
Shots for this period are 9 for Devils vs 4 for Capitals.

2nd period


0:01 of 2nd period - Paul Stastny wins face-off versus Mark Arcobello in neutral zone.
0:09 of 2nd period - Mark Arcobello is hit by Drew Stafford and loses puck.
0:14 of 2nd period - Slapshot by Paul Stastny.
0:14 of 2nd period - Stopped by Marc-Andre Fleury without a rebound.
0:15 of 2nd period - Paul Stastny wins face-off versus Mark Arcobello in Capitals zone.
0:42 of 2nd period - Mark Arcobello is hit by Paul Stastny.
1:08 of 2nd period - Off-side.
1:09 of 2nd period - Matt Cullen wins face-off versus Eric O'Dell in neutral zone.
1:48 of 2nd period - Snap shot by Jason Akeson.
1:48 of 2nd period - Stopped by Marc-Andre Fleury without a rebound.
1:49 of 2nd period - Luke Adam wins face-off versus Andrew Miller in Capitals zone.
1:56 of 2nd period - Snap shot by Erik Condra.
1:56 of 2nd period - Stopped by Devan Dubnyk without a rebound.
1:57 of 2nd period - Luke Adam wins face-off versus Andrew Miller in Devils zone.
2:04 of 2nd period - Snap shot by David Dziurzynski.
2:04 of 2nd period - Shot Blocked by Matt Irwin.
2:06 of 2nd period - Wrist shot by Luke Adam.
2:06 of 2nd period - Stopped by Devan Dubnyk with a rebound.
2:08 of 2nd period - Snap shot by Kyle Cumiskey.
2:08 of 2nd period - Shot Misses the Net.
2:10 of 2nd period - Slapshot by Luke Adam.
2:10 of 2nd period - Shot Misses the Net.
2:12 of 2nd period - Slapshot by Maxim Noreau.
2:12 of 2nd period - Stopped by Devan Dubnyk with a rebound.
2:14 of 2nd period - Slapshot by Kyle Cumiskey.
2:14 of 2nd period - Shot Blocked by Radko Gudas.
2:16 of 2nd period - Slapshot by Maxim Noreau.
2:16 of 2nd period - Deflect By Erik Condra.
2:16 of 2nd period - Stopped by Devan Dubnyk without a rebound.
2:17 of 2nd period - Paul Stastny wins face-off versus Greg Miller in Devils zone.
2:44 of 2nd period - Snap shot by Drew Stafford.
2:44 of 2nd period - Stopped by Marc-Andre Fleury without a rebound.
2:45 of 2nd period - Matt Cullen wins face-off versus Eric O'Dell in Capitals zone.
2:58 of 2nd period - Snap shot by Scottie Upshall.
2:58 of 2nd period - Shot Misses the Net.
3:00 of 2nd period - Slapshot by Sergei Gonchar.
3:00 of 2nd period - Shot Blocked by Brad Mills.
3:02 of 2nd period - Slapshot by Ales Hemsky.
3:02 of 2nd period - Shot Misses the Net.
3:04 of 2nd period - Wrist shot by Scottie Upshall.
3:04 of 2nd period - Shot Blocked by Eric O'Dell.
3:06 of 2nd period - Wrist shot by Matt Cullen.
3:06 of 2nd period - Stopped by Marc-Andre Fleury with a rebound.
3:12 of 2nd period - Wrist shot by Scottie Upshall.
3:12 of 2nd period - Stopped by Marc-Andre Fleury with a rebound.
3:14 of 2nd period - Slapshot by Chris Wideman.
3:14 of 2nd period - Stopped by Marc-Andre Fleury with a rebound.
3:21 of 2nd period - Minor Penalty to Eric O'Dell for Hooking.
3:22 of 2nd period - Erik Condra wins face-off versus Paul Stastny in Capitals zone.
3:35 of 2nd period - Snap shot by Eric Gelinas.
3:35 of 2nd period - Shot Misses the Net.
3:37 of 2nd period - Wrist shot by Erik Condra.
3:37 of 2nd period - Shot Misses the Net.
3:39 of 2nd period - Snap shot by Kyle Cumiskey.
3:39 of 2nd period - Stopped by Devan Dubnyk with a rebound.
3:41 of 2nd period - Wrist shot by Erik Condra.
3:41 of 2nd period - Stopped by Devan Dubnyk with a rebound.
3:43 of 2nd period - Slapshot by Eric Gelinas.
3:43 of 2nd period - Stopped by Devan Dubnyk with a rebound.
3:45 of 2nd period - Wrist shot by Eric Gelinas.
3:45 of 2nd period - Shot Misses the Net.
4:09 of 2nd period - Slapshot by Eric Gelinas.
4:09 of 2nd period - Stopped by Devan Dubnyk with a rebound.
4:11 of 2nd period - Slapshot by Eric Gelinas.
4:11 of 2nd period - Goal by Eric Gelinas - Devils : 1 - Capitals : 1.
4:12 of 2nd period - Erik Condra wins face-off versus Matt Cullen in neutral zone.
4:49 of 2nd period - Slapshot by Zach Boychuk.
4:49 of 2nd period - Shot Blocked by Eric Gelinas.
5:05 of 2nd period - Brett Sutter is hit by Drew Stafford and loses puck.
5:21 of 2nd period - Penalty to Eric O'Dell is over, Eric O'Dell is back on ice.
5:36 of 2nd period - Slapshot by Ales Hemsky.
5:36 of 2nd period - Deflect By Scottie Upshall.
5:36 of 2nd period - Stopped by Marc-Andre Fleury with a rebound.
6:49 of 2nd period - Brad Mills is hit by Radko Gudas and loses puck.
7:00 of 2nd period - Slapshot by Maxim Noreau.
7:00 of 2nd period - Shot Misses the Net.
7:30 of 2nd period - Mark Cundari is hit by Paul Stastny and loses puck.
9:13 of 2nd period - Eric Gelinas is hit by Paul Stastny and loses puck.
9:26 of 2nd period - Snap shot by Paul Stastny.
9:26 of 2nd period - Shot Misses the Net.
9:59 of 2nd period - Icing by Brett Sutter.
10:00 of 2nd period - Andrew Miller wins face-off versus Mark Arcobello in Capitals zone.
10:57 of 2nd period - Brad Hunt is hit by Brad Mills and loses puck.
12:26 of 2nd period - Snap shot by Brett Sutter.
12:26 of 2nd period - Shot Misses the Net.
12:42 of 2nd period - Snap shot by Drew Stafford.
12:42 of 2nd period - Deflect By Kevin Henderson.
12:42 of 2nd period - Shot Blocked by David Dziurzynski.
12:42 of 2nd period - Puck is out of play.
12:43 of 2nd period - Greg Miller wins face-off versus Paul Stastny in Capitals zone.
13:04 of 2nd period - Slapshot by Tyler Johnson.
13:04 of 2nd period - Shot Misses the Net.
13:06 of 2nd period - Backhand shot by Radko Gudas.
13:06 of 2nd period - Stopped by Marc-Andre Fleury with a rebound.
13:08 of 2nd period - Backhand shot by Chris Porter.
13:08 of 2nd period - Deflect By Tyler Johnson.
13:08 of 2nd period - Stopped by Marc-Andre Fleury with a rebound.
13:30 of 2nd period - Eric O'Dell is hit by Andrew Miller.
13:45 of 2nd period - Radko Gudas is hit by Brett Sutter and loses puck.
14:08 of 2nd period - Slapshot by Eric Gelinas.
14:08 of 2nd period - Stopped by Devan Dubnyk with a rebound.
14:38 of 2nd period - Snap shot by Scottie Upshall.
14:38 of 2nd period - Shot Misses the Net.
14:40 of 2nd period - Slapshot by Brad Hunt.
14:40 of 2nd period - Deflect By Matt Cullen.
14:40 of 2nd period - Shot Misses the Net.
14:40 of 2nd period - Puck is out of play.
14:41 of 2nd period - Greg Miller wins face-off versus Matt Cullen in Capitals zone.
14:41 of 2nd period - Greg Miller is hit by Scottie Upshall.
14:55 of 2nd period - Slapshot by Kyle Cumiskey.
14:55 of 2nd period - Shot Blocked by Sergei Gonchar.
14:57 of 2nd period - Snap shot by Kyle Cumiskey.
14:57 of 2nd period - Stopped by Devan Dubnyk with a rebound.
14:59 of 2nd period - Backhand shot by Maxim Noreau.
14:59 of 2nd period - Deflect By Mark Arcobello.
14:59 of 2nd period - Shot Blocked by Sergei Gonchar.
14:59 of 2nd period - Puck is out of play.
15:00 of 2nd period - Greg Miller wins face-off versus Brendan Shinnimin in Devils zone.
15:04 of 2nd period - Minor Penalty to Sergei Gonchar for Interference.
15:05 of 2nd period - Eric O'Dell wins face-off versus Scottie Upshall in Devils zone.
15:07 of 2nd period - Snap shot by Eric O'Dell.
15:07 of 2nd period - Shot Misses the Net.
15:09 of 2nd period - Slapshot by Philip Samuelsson.
15:09 of 2nd period - Stopped by Devan Dubnyk with a rebound.
15:11 of 2nd period - Snap shot by Brett Sutter.
15:11 of 2nd period - Stopped by Devan Dubnyk with a rebound.
15:13 of 2nd period - Snap shot by Eric O'Dell.
15:13 of 2nd period - Shot Blocked by Radko Gudas.
15:15 of 2nd period - Backhand shot by Philip Samuelsson.
15:15 of 2nd period - Stopped by Devan Dubnyk with a rebound.
15:17 of 2nd period - Slapshot by Philip Samuelsson.
15:17 of 2nd period - Deflect By Radko Gudas.
15:17 of 2nd period - Stopped by Devan Dubnyk with a rebound.
15:19 of 2nd period - Slapshot by Eric O'Dell.
15:19 of 2nd period - Stopped by Devan Dubnyk without a rebound.
15:20 of 2nd period - Matt Cullen wins face-off versus Eric O'Dell in Devils zone.
15:33 of 2nd period - Wrist shot by Scottie Upshall.
15:33 of 2nd period - Stopped by Marc-Andre Fleury without a rebound.
15:34 of 2nd period - Mark Arcobello wins face-off versus Matt Cullen in Capitals zone.
15:49 of 2nd period - Snap shot by Eric Gelinas.
15:49 of 2nd period - Shot Blocked by Brad Hunt.
16:19 of 2nd period - Brett Sutter is hit by Ales Hemsky and loses puck.
16:36 of 2nd period - Snap shot by Mark Cundari.
16:36 of 2nd period - Shot Misses the Net.
16:46 of 2nd period - Slapshot by Mark Arcobello.
16:46 of 2nd period - Shot Misses the Net.
16:48 of 2nd period - Snap shot by Erik Condra.
16:48 of 2nd period - Shot Misses the Net.
17:04 of 2nd period - Penalty to Sergei Gonchar is over, Sergei Gonchar is back on ice.
17:17 of 2nd period - Brett Sutter is hit by Chris Porter and loses puck.
17:28 of 2nd period - Snap shot by Zach Boychuk.
17:28 of 2nd period - Shot Misses the Net.
18:26 of 2nd period - Erik Condra is hit by Brad Hunt and loses puck.
18:49 of 2nd period - Wrist shot by Tyler Johnson.
18:49 of 2nd period - Shot Misses the Net.
19:03 of 2nd period - Mark Arcobello is hit by Radko Gudas and loses puck.
19:43 of 2nd period - Slapshot by Zach Boychuk.
19:43 of 2nd period - Stopped by Marc-Andre Fleury without a rebound.
19:44 of 2nd period - Shawn O'Donnell wins face-off versus Andrew Miller in Capitals zone.
19:51 of 2nd period - Slapshot by Eric Gelinas.
19:51 of 2nd period - Deflect By Chad LaRose.
19:51 of 2nd period - Shot Blocked by Chris Wideman.
19:51 of 2nd period - Puck is out of play.
19:52 of 2nd period - Matt Cullen wins face-off versus Shawn O'Donnell in Devils zone.
19:57 of 2nd period - Matt Cullen is hit by Damon Severson and loses puck.
Goals for this period are 0 for Devils vs 1 for Capitals.
Shots for this period are 11 for Devils vs 16 for Capitals.

3rd period


0:01 of 3rd period - Mark Arcobello wins face-off versus Paul Stastny in neutral zone.
0:10 of 3rd period - Wrist shot by Tyler Johnson.
0:10 of 3rd period - Deflect By Drew Stafford.
0:10 of 3rd period - Stopped by Marc-Andre Fleury with a rebound.
0:12 of 3rd period - Slapshot by Brad Hunt.
0:12 of 3rd period - Deflect By Erik Condra.
0:12 of 3rd period - Stopped by Marc-Andre Fleury with a rebound.
0:37 of 3rd period - Icing by Eric Gelinas.
0:38 of 3rd period - Matt Cullen wins face-off versus Mark Arcobello in Capitals zone.
0:43 of 3rd period - Wrist shot by Ales Hemsky.
0:43 of 3rd period - Shot Blocked by Eric Gelinas.
0:45 of 3rd period - Slapshot by Sergei Gonchar.
0:45 of 3rd period - Shot Misses the Net.
0:56 of 3rd period - Minor Penalty to Mark Arcobello for Tripping.
0:57 of 3rd period - Paul Stastny wins face-off versus Erik Condra in Capitals zone.
1:29 of 3rd period - Snap shot by Paul Stastny.
1:29 of 3rd period - Stopped by Marc-Andre Fleury without a rebound.
1:30 of 3rd period - Matt Cullen wins face-off versus Erik Condra in Capitals zone.
1:53 of 3rd period - Wrist shot by Scottie Upshall.
1:53 of 3rd period - Stopped by Marc-Andre Fleury with a rebound.
2:34 of 3rd period - Snap shot by Eric O'Dell.
2:34 of 3rd period - Stopped by Devan Dubnyk with a rebound.
2:52 of 3rd period - Slapshot by Ales Hemsky.
2:52 of 3rd period - Shot Blocked by Eric O'Dell.
2:54 of 3rd period - Slapshot by Brad Hunt.
2:54 of 3rd period - Shot Misses the Net.
2:56 of 3rd period - Penalty to Mark Arcobello is over, Mark Arcobello is back on ice.
2:56 of 3rd period - Slapshot by Brad Hunt.
2:56 of 3rd period - Deflect By Matt Cullen.
2:56 of 3rd period - Stopped by Marc-Andre Fleury without a rebound.
2:57 of 3rd period - Matt Cullen wins face-off versus Eric O'Dell in Capitals zone.
3:20 of 3rd period - Snap shot by Tyler Johnson.
3:20 of 3rd period - Deflect By Eric O'Dell.
3:20 of 3rd period - Stopped by Marc-Andre Fleury with a rebound.
3:36 of 3rd period - Minor Penalty to Brad Mills for Roughing.
3:37 of 3rd period - Paul Stastny wins face-off versus Erik Condra in Capitals zone.
4:28 of 3rd period - Zach Boychuk is hit by Philip Samuelsson.
4:56 of 3rd period - Snap shot by Drew Stafford.
4:56 of 3rd period - Deflect By Tyler Johnson.
4:56 of 3rd period - Goal by Tyler Johnson - Devils : 2 - Capitals : 1.
4:57 of 3rd period - Eric O'Dell wins face-off versus Andrew Miller in neutral zone.
5:05 of 3rd period - Wrist shot by Brett Sutter.
5:05 of 3rd period - Stopped by Devan Dubnyk with a rebound.
5:58 of 3rd period - Snap shot by Ales Hemsky.
5:58 of 3rd period - Stopped by Marc-Andre Fleury without a rebound.
5:59 of 3rd period - Paul Stastny wins face-off versus Luke Adam in Capitals zone.
6:08 of 3rd period - Snap shot by Drew Stafford.
6:08 of 3rd period - Stopped by Marc-Andre Fleury with a rebound.
6:46 of 3rd period - Wrist shot by Eric O'Dell.
6:46 of 3rd period - Stopped by Devan Dubnyk with a rebound.
7:36 of 3rd period - Wrist shot by Brett Sutter.
7:36 of 3rd period - Shot Misses the Net.
7:58 of 3rd period - Slapshot by Eric Gelinas.
7:58 of 3rd period - Shot Blocked by Brendan Shinnimin.
8:11 of 3rd period - Minor Penalty to Tyler Johnson for Tripping.
8:12 of 3rd period - Matt Cullen wins face-off versus Mark Arcobello in Devils zone.
9:31 of 3rd period - Sergei Gonchar is hit by Philip Samuelsson and loses puck.
9:58 of 3rd period - Slapshot by Mark Cundari.
9:58 of 3rd period - Shot Blocked by Chris Porter.
10:11 of 3rd period - Penalty to Tyler Johnson is over, Tyler Johnson is back on ice.
10:16 of 3rd period - Philip Samuelsson is hit by Chris Porter and loses puck.
11:25 of 3rd period - Slapshot by Drew Stafford.
11:25 of 3rd period - Stopped by Marc-Andre Fleury with a rebound.
12:03 of 3rd period - Matt Irwin is hit by Shawn O'Donnell.
14:01 of 3rd period - Snap shot by Eric O'Dell.
14:01 of 3rd period - Stopped by Devan Dubnyk without a rebound.
14:02 of 3rd period - Paul Stastny wins face-off versus Eric O'Dell in Devils zone.
14:19 of 3rd period - Snap shot by Chad LaRose.
14:19 of 3rd period - Stopped by Devan Dubnyk with a rebound.
15:32 of 3rd period - Minor Penalty to Brendan Shinnimin for Holding.
15:33 of 3rd period - Matt Cullen wins face-off versus Eric O'Dell in Devils zone.
15:33 of 3rd period - Matt Cullen is hit by Philip Samuelsson.
17:11 of 3rd period - Wrist shot by Eric Gelinas.
17:11 of 3rd period - Shot Blocked by Matt Irwin.
17:13 of 3rd period - Slapshot by Mark Arcobello.
17:13 of 3rd period - Shot Misses the Net.
17:32 of 3rd period - Penalty to Brendan Shinnimin is over, Brendan Shinnimin is back on ice.
17:57 of 3rd period - Snap shot by David Dziurzynski.
17:57 of 3rd period - Stopped by Devan Dubnyk without a rebound.
17:58 of 3rd period - Luke Adam wins face-off versus Andrew Miller in Devils zone.
17:59 of 3rd period - Slapshot by Maxim Noreau.
17:59 of 3rd period - Shot Blocked by Andrew Miller.
18:17 of 3rd period - Snap shot by Andrew Miller.
18:17 of 3rd period - Deflect By Zach Boychuk.
18:17 of 3rd period - Stopped by Marc-Andre Fleury with a rebound.
18:19 of 3rd period - Snap shot by Jason Akeson.
18:19 of 3rd period - Shot Misses the Net.
18:27 of 3rd period - Slapshot by Andrew Miller.
18:27 of 3rd period - Stopped by Marc-Andre Fleury without a rebound.
18:28 of 3rd period - Paul Stastny wins face-off versus David Dziurzynski in Capitals zone.
18:43 of 3rd period - Wrist shot by Drew Stafford.
18:43 of 3rd period - Shot Misses the Net.
18:45 of 3rd period - Penalty Shot by Philip Samuelsson for Capitals.
18:45 of 3rd period - Deke by Philip Samuelsson.
18:45 of 3rd period - Stopped by Devan Dubnyk.
18:46 of 3rd period - Andrew Miller wins face-off versus Greg Miller in Capitals zone.
18:53 of 3rd period - Snap shot by Zach Boychuk.
18:53 of 3rd period - Shot Blocked by Eric Gelinas.
19:03 of 3rd period - Capitals, Marc-Andre Fleury is pulled from the net.
19:08 of 3rd period - Minor Penalty to Jason Akeson for Hooking.
19:09 of 3rd period - Matt Cullen wins face-off versus Eric O'Dell in Devils zone.
19:43 of 3rd period - Slapshot by Eric Gelinas.
19:43 of 3rd period - Stopped by Devan Dubnyk without a rebound.
19:44 of 3rd period - Peter DeBoer call a timeout for Capitals.
19:44 of 3rd period - Mark Arcobello wins face-off versus Matt Cullen in Devils zone.
19:54 of 3rd period - Icing by Eric Gelinas.
19:55 of 3rd period - Marc-Andre Fleury from Capitals was sent back in the game.
19:55 of 3rd period - Matt Cullen wins face-off versus Mark Arcobello in Capitals zone.
Goals for this period are 1 for Devils vs 0 for Capitals.
Shots for this period are 12 for Devils vs 7 for Capitals.